 Dungeon Crawl Stone Soup version 0.21.1-1-g345015f (webtiles) character file.

203372 vatarom the Champion of Chaos (level 18, -3/142 HPs)
             Began as a Gnoll Skald on Apr 24, 2018.
             Was the Champion of Makhleb.
             Slain by a guardian serpent (13 damage)
             ... on level 4 of the Snake Pit on Apr 25, 2018.
             The game lasted 01:51:21 (35108 turns).

vatarom the Champion of Chaos (Gnoll Skald)        Turns: 35108, Time: 01:51:21

Health: -3/142     AC: 19    Str: 23    XL:     18   Next: 61%
Magic:  31/31      EV: 17    Int: 17    God:    Makhleb [******]
Gold:   1870       SH:  0    Dex: 17    Spells: 1/42 levels left

rFire    + . .     SeeInvis +   D - +6 trident (pain)
rCold    + . .     Gourm    .   a - +3 buckler
rNeg     . . .     Faith    .   G - +4 ring mail {rF+}
rPois    +         Spirit   .   t - +2 hat {MR+}
rElec    +         Reflect  .   (no cloak)
rCorr    .         Harm     .   y - +2 pair of gloves {Str+3}
MR       +++..                  p - +1 pair of boots
Stlth    +.........             V - amulet of the Illusory People {RegenMP rC+ MR+}
HPRegen  1.33/turn              u - ring of see invisible
MPRegen  0.47/turn              g - ring of poison resistance

@: confused, lethally poisoned (-3 -> -4), regenerating, constricted
A: distributed training, antennae 1, fangs 1, low mp 1, electricity resistance,
strong 1, subdued magic 1, strong nose
}: 1/15 runes: decaying
a: Minor Destruction, Lesser Servant of Makhleb, Major Destruction, Greater
Servant of Makhleb, Renounce Religion


You were on level 4 of the Snake Pit.
You worshipped Makhleb.
Makhleb was exalted by your worship.
You were not hungry.

You visited 6 branches of the dungeon, and saw 32 of its levels.

You collected 2605 gold pieces.
You spent 735 gold pieces at shops.

Inventory:

Hand Weapons
 v - the +8 rapier of Irein {pierce, rC+}
   (You found it on level 11 of the Dungeon)

   It inflicts extra damage upon your enemies.
   It protects you from cold.
 D - a +6 trident of pain (weapon)
 T - a +6 demon whip of electrocution
 W - a +3 blowgun
Missiles
 n - 8 javelins (quivered)
 s - 8 tomahawks of returning
 U - 17 curare-tipped needles
Armour
 a - a +3 buckler (worn)
 p - a +1 pair of boots (worn)
 t - a +2 hat of magic resistance (worn)
 y - a +2 pair of gloves of strength (worn)
 G - a +4 ring mail of fire resistance (worn)
Jewellery
 c - an uncursed ring of wizardry
 g - a ring of poison resistance (right hand)
 u - a ring of see invisible (left hand)
 B - an uncursed ring of protection from fire {unknown}
 P - an uncursed amulet of the gourmand
 V - the amulet of the Illusory People (around neck) {RegenMP rC+ MR+}
   (You bought it in a shop on level 3 of the Snake Pit)

   [amulet of magic regeneration]

   It increases your magic regeneration.
   It protects you from cold.
   It affects your resistance to hostile enchantments.
Wands
 i - a wand of flame (152)
 x - a wand of scattershot (3)
 C - a wand of polymorph (59)
 E - a wand of random effects (27)
 I - a wand of disintegration (30)
 J - a wand of paralysis (20)
 K - a wand of acid (21)
 Z - a wand of digging (17)
Scrolls
 f - 6 scrolls of amnesia
 h - a scroll of enchant weapon
 j - 5 scrolls of enchant armour
 l - 2 scrolls of magic mapping
 m - 11 scrolls of remove curse
 o - 2 scrolls of identify
 L - 5 scrolls of silence
 O - 2 scrolls of torment
Potions
 b - a potion of ambrosia
 e - 3 potions of resistance
 k - 2 potions of agility
 q - 8 potions of might
 r - 8 potions of lignification
 w - 6 potions of brilliance
 z - a potion of cancellation
 A - 6 potions of flight
 H - 5 potions of curing
Books
 M - a book of the Earth

   Spells                             Type                      Level
   a - Leda's Liquefaction            Hexes/Earth                  4
   b - Bolt of Magma                  Conjuration/Fire/Earth       5
   c - Statue Form                    Transmutation/Earth          6
   d - Iron Shot                      Conjuration/Earth            6
   e - Shatter                        Earth                        9
Comestibles
 d - 22 rations


   Skills:
 + Level 12.8 Fighting
 + Level 12.1 Short Blades
 + Level 12.1 Long Blades
 + Level 12.1 Axes
 + Level 12.1 Maces & Flails
 + Level 12.8 Polearms
 + Level 12.1 Staves
 + Level 12.1 Slings
 + Level 12.1 Bows
 + Level 12.1 Crossbows
 + Level 12.1 Throwing
 + Level 12.3 Armour
 + Level 12.8 Dodging
 + Level 12.1 Stealth
 + Level 12.1 Shields
 + Level 12.1 Unarmed Combat
 + Level 12.9 Spellcasting
 + Level 10.3 Conjurations
 + Level 10.3 Hexes
 + Level 11.6 Charms
 + Level 10.3 Summonings
 + Level 10.3 Necromancy
 + Level 10.3 Translocations
 + Level 10.3 Transmutations
 + Level 10.3 Fire Magic
 + Level 10.3 Ice Magic
 + Level 10.3 Air Magic
 + Level 10.3 Earth Magic
 + Level 10.3 Poison Magic
 + Level 13.0 Invocations
 + Level 12.1 Evocations


You had one spell level left.
You knew the following spells:

 Your Spells              Type           Power        Failure   Level  Hunger
a - Infusion              Chrm           ####         1%          1    None
b - Song of Slaying       Chrm           #####...     1%          2    None
c - Shroud of Golubria    Chrm/Tloc      #####.....   1%          2    None
d - Regeneration          Chrm/Necr      #####.....   1%          3    None
e - Spectral Weapon       Hex/Chrm       #####...     1%          3    None
f - Confuse               Hex            #####...     1%          3    None
g - Apportation           Tloc           #####.       1%          1    None
h - Statue Form           Tmut/Erth      #####....    16%         6    ######.
i - Summon Lightning Spi  Summ/Air       #####...     1%          4    ##.....
j - Summon Forest         Summ/Tloc      #####.....   2%          5    ####...
k - Summon Mana Viper     Hex/Summ       #####...     2%          5    ####...
l - Deflect Missiles      Chrm/Air       #####.....   12%         6    ######.


Dungeon Overview and Level Annotations

Branches:
Dungeon (15/15)            Temple (1/1) D:4            Lair (6/6) D:8
  Swamp (4/4) Lair:4        Snake (4/4) Lair:4        Slime (0/5) Lair:5
    Orc (2/2) D:11            Elf (0/3) Orc:2        Vaults (0/5) D:13
 Depths (0/5) D:15

Altars:
Ashenzari
Cheibriados
Dithmenos
Elyvilon
Fedhas
Gozag
Hepliaklqana
Kikubaaqudgha
Makhleb
Nemelex Xobeh
Okawaru
Qazlal
Ru
Sif Muna
Trog
Uskayaw
Vehumet
Wu Jian
Xom
Yredelemnul
Zin
The Shining One
Beogh
Jiyva

Shops:
D:11 [   Orc:2 *[![   Snake:3 (*(*   Snake:4 =

Annotations:
Lair:3 exclusion: 2 oklob plants
Snake:2 1 transporter


Innate Abilities, Weirdness & Mutations

Your experience applies equally to all skills.
You have very sharp teeth.
Your uncanny sense of smell can sniff out nearby items.
You have a pair of small antennae on your head.
Your magical capacity is low. (-10% MP)
You are resistant to electric shocks. (rElec)
Your muscles are strong. (Str +2)
Your spells are a little easier to cast, but a little less powerful.


Message History

The nagaraja hits you but does no damage.
Unknown command.
You miss the guardian serpent.
The guardian serpent is lightly wounded.
You feel sick.
The sea snake bites you but does no damage.
The guardian serpent hits you but does no damage.
The nagaraja hits you with a flail!!
* * * LOW HITPOINT WARNING * * *
The nagaraja constricts you. The sea snake bites you!
* * * LOW HITPOINT WARNING * * *
The guardian serpent weaves intricate patterns with the tip of its tongue.
The nagaraja hits you with a spear!!
* * * LOW HITPOINT WARNING * * *
You barely miss the sea snake.
The sea snake is moderately wounded.
The sea snake completely misses you.
The guardian serpent closely misses you.
The nagaraja barely misses you. The guardian serpent hits you!
You die...

##..............# #.#..≈≈≈..#.#
##.............# ##...≈≈≈...## #
#.............# ###.....### ##
##...........########'#'####
.####...........###.##......(..#
...............##..#.............
........(.....##.....#.........#.
#.............#SNS.#.............
#.............#S@##.###.......###
##.........####SN####≈♣#.≈≈≈.##
##.......####..## ≈≈≈##≈≈≈##
##.......##.§#♣ ≈≈≈≈≈#####
###......#NN# #≈≈....
##.....#.)♣#♣≈≈≈.≈≈≈
###...##)S{N....≈≈≈
###..##♣)N≈≈.≈≈≈≈ ##..###≈≈≈.≈≈≈N


You could see a naga warrior, 2 nagarajas, 2 sea snakes, 2 guardian serpents and
a naga.

Vanquished Creatures
  Asterion (Snake:2)
  Gastronok (Lair:1)
  A thorn hunter (Swamp:2)
  4 nagarajas
  A stone giant (Orc:1)
  The ghost of microfolk the Thaumaturge, a journeyman DEFE of Sif Muna (Snake:1)
  Azrael (Orc:2)
  Snorg (Lair:4)
  Fannar (Orc:1)
  15 hydras
  9 naga warriors
  Erolcha (D:10)
  13 anacondas
  Erica (D:9)
  A centaur warrior (D:14)
  6 catoblepae
  The ghost of inc the Carver, a journeyman OpFi of Nemelex Xobeh (D:12)
  2 ogre magi (D:15)
  10 two-headed ogres
  10 alligators
  A death knight (D:15)
  2 tengu warriors (D:15)
  4 orc high priests
  7 death yaks (Lair:6)
  11 shock serpents
  7 naga sharpshooters
  Sonja (D:14)
  The ghost of markt42 the Basher, a novice GrFi of Okawaru (D:10)
  5 skeletal warriors (D:14)
  4 unseen horrors
  A wizard (D:13)
  2 spriggan druids (Swamp:3)
  5 naga ritualists
  2 salamander mystics
  4 sea snakes
  7 swamp dragons
  10 mana vipers
  A wolf spider zombie (D:13)
  A phantasmal warrior (D:15)
  4 orc sorcerers
  4 deep elf magi
  3 cyclopes
  2 orc knights (Orc:2)
  5 ugly things
  5 salamanders
  3 manticores
  11 elephants
  6 guardian serpents
  10 naga magi
  27 black mambas
  15 spiny frogs
  A gargoyle (D:15)
  4 centaur skeletons
  An efreet (D:13)
  9 komodo dragons
  A rime drake (Lair:6)
  4 freezing wraiths
  4 trolls
  A queen bee (Lair:2)
  3 tyrant leeches
  11 hippogriffs
  17 slime creatures
  2 hornets
  5 bog bodies
  3 dream sheep (Lair:6)
  28 blink frogs
  4 shadows
  2 spriggans
  Sigmund (D:3)
  3 wraiths
  5 wyverns
  61 yaks
  4 basilisks
  A fire elemental (Orc:2)
  20 vampire mosquitoes
  A hungry ghost (D:9)
  13 swamp worms
  5 insubstantial wisps
  33 nagas
  A warg (Orc:2)
  11 water moccasins
  An acid dragon (D:14)
  4 hell hounds (Orc:2)
  Duvessa (D:6)
  8 swamp drakes
  7 porcupines
  5 ice beasts
  4 sky beasts
  An eye of draining (D:10)
  20 orc warriors
  A necrophage (D:10)
  4 phantoms
  13 ogres
  11 wolves
  10 centaurs
  18 crocodiles
  23 bullfrogs
  3 big kobolds
  A gnoll sergeant (D:9)
  Dowan (D:6)
  6 scorpions
  40 killer bees
  19 wights
  2 howler monkeys
  3 electric eels
  6 centaur zombies
  11 crimson imps
  2 quasits
  7 hounds
  3 jellies (D:10)
  22 orc wizards
  13 orc priests
  2 iguanas
  8 worker ants
  A hound zombie (D:9)
  A hound skeleton (D:11)
  2 howler monkey zombies (D:5)
  A worker ant zombie (D:8)
  10 gnolls
  8 adders
  3 shadow imps
  An adder zombie (D:7)
  3 worms
  A dart slug (D:2)
  4 leopard geckos
  71 orcs
  4 bats
  3 giant cockroaches
  14 goblins
  9 hobgoblins
  8 quokkas
  A ball python (D:2)
  7 frilled lizards
  27 kobolds
  A leopard gecko skeleton (D:4)
  A quokka skeleton (D:5)
  7 rats
  A bush (Temple)
980 creatures vanquished.

Vanquished Creatures (collateral kills)
  Saint Roka (Orc:2)
  The ghost of Squonk the Ogre Mage, an adept OgFE of Sif Muna (Snake:4)
  Aizul (Snake:1)
  5 hydras
  3 naga warriors
  An anaconda (Snake:1)
  The ghost of markt42 the Spear-Bearer, a journeyman GrFi of Okawaru (Lair:2)
  An alligator (Swamp:2)
  2 naga sharpshooters (Snake:1)
  5 slime creatures
  A spriggan (Swamp:3)
  A sea snake (Snake:4)
  2 spriggan druids
  2 naga ritualists
  3 swamp dragons
  A shambling mangrove (Swamp:4)
  2 orc knights (Orc:2)
  A salamander (Snake:2)
  2 mana vipers (Snake:1)
  2 orc sorcerers (Orc:2)
  A guardian serpent (Snake:2)
  3 naga magi
  2 black mambas
  8 spiny frogs
  A rime drake (Lair:1)
  A komodo dragon (Swamp:2)
  4 hornets
  A blink frog (Lair:5)
  2 dream sheep (Lair:6)
  2 bog bodies (Swamp:4)
  5 yaks
  A vampire mosquito (Swamp:3)
  8 nagas
  A warg (Orc:1)
  6 insubstantial wisps
  4 swamp worms
  A porcupine (Lair:5)
  6 orc warriors
  10 swamp drakes
  A wolf (Lair:6)
  A crocodile (Lair:5)
  A crimson imp (D:12)
  An orc priest (Orc:2)
  2 orc wizards (Orc:2)
  A worker ant (D:12)
  3 orcs
  A fungus (Snake:4)
  2 plants
118 creatures vanquished.

Vanquished Creatures (others)
  A naga (Snake:3)
  An orc warrior (Orc:2)
  An orc wizard (D:8)
  A ball lightning (Snake:1)
  An orc (Orc:2)
  20 fungi
  43 plants
  2 snaplasher vines
  72 spectral weapons
142 creatures vanquished.

Grand Total: 1240 creatures vanquished

Notes
Turn   | Place    | Note
-------+----------+-------------------------------------------
     0 | D:1      | vatarom the Gnoll Skald began the quest for the Orb.
     0 | D:1      | Reached XP level 1. HP: 20/20 MP: 6/6
   127 | D:1      | Reached XP level 2. HP: 26/26 MP: 7/7
   758 | D:2      | Found a snail-covered altar of Cheibriados.
   801 | D:2      | Found an ornate altar of the Wu Jian Council.
   812 | D:2      | Reached XP level 3. HP: 20/31 MP: 9/9
   846 | D:2      | Reached skill level 5 in Spellcasting
  1289 | D:2      | Reached skill level 1 in Invocations
  2013 | D:3      | Reached skill level 1 in Short Blades
  2013 | D:3      | Reached skill level 1 in Long Blades
  2013 | D:3      | Reached skill level 1 in Axes
  2013 | D:3      | Reached skill level 1 in Maces & Flails
  2013 | D:3      | Reached skill level 1 in Staves
  2013 | D:3      | Reached skill level 1 in Slings
  2013 | D:3      | Reached skill level 1 in Bows
  2013 | D:3      | Reached skill level 1 in Crossbows
  2013 | D:3      | Reached skill level 1 in Throwing
  2013 | D:3      | Reached skill level 1 in Stealth
  2013 | D:3      | Reached skill level 1 in Shields
  2013 | D:3      | Reached skill level 1 in Unarmed Combat
  2013 | D:3      | Reached skill level 1 in Evocations
  2111 | D:3      | Noticed Sigmund
  2115 | D:3      | Gained mutation: You have a pair of small antennae on your head. [potion of mutation]
  2115 | D:3      | Gained mutation: Your spells are a little easier to cast, but a little less powerful. [potion of mutation]
  2115 | D:3      | Gained mutation: You are robust. (+10% HP) [potion of mutation]
  2115 | D:3      | Gained mutation: Your muscles are strong. (Str +2) [potion of mutation]
  2120 | D:3      | Killed Sigmund
  2120 | D:3      | Reached skill level 1 in Conjurations
  2120 | D:3      | Reached skill level 1 in Hexes
  2120 | D:3      | Reached skill level 1 in Summonings
  2120 | D:3      | Reached skill level 1 in Necromancy
  2120 | D:3      | Reached skill level 1 in Translocations
  2120 | D:3      | Reached skill level 1 in Transmutations
  2120 | D:3      | Reached skill level 1 in Fire Magic
  2120 | D:3      | Reached skill level 1 in Ice Magic
  2120 | D:3      | Reached skill level 1 in Air Magic
  2120 | D:3      | Reached skill level 1 in Earth Magic
  2120 | D:3      | Reached skill level 1 in Poison Magic
  2120 | D:3      | Reached XP level 4. HP: 32/41 MP: 11/11
  2120 | D:3      | Reached XP level 5. HP: 36/47 MP: 12/12
  2212 | D:3      | Learned a level 2 spell: Song of Slaying
  2215 | D:3      | Learned a level 2 spell: Shroud of Golubria
  2219 | D:3      | Learned a level 3 spell: Regeneration
  2223 | D:3      | Learned a level 3 spell: Spectral Weapon
  2273 | D:3      | Reached XP level 6. HP: 49/55 MP: 13/13
  2434 | D:3      | Reached skill level 2 in Invocations
  2771 | D:4      | Found a shadowy altar of Dithmenos.
  2778 | D:4      | Reached skill level 5 in Fighting
  2778 | D:4      | Reached skill level 5 in Polearms
  2778 | D:4      | Reached skill level 5 in Dodging
  2805 | D:4      | Found a staircase to the Ecumenical Temple.
  2814 | Temple   | Entered the Ecumenical Temple
  2971 | Temple   | Became a worshipper of Makhleb the Destroyer
  3533 | D:4      | Found a hazy altar of Hepliaklqana.
  3895 | D:5      | Entered Level 5 of the Dungeon
  4118 | D:5      | Reached XP level 7. HP: 61/61 MP: 15/15
  4259 | D:5      | Found a hide-covered altar of Uskayaw.
  4259 | D:5      | Noticed a hand axe
  4260 | D:5      | Noticed a dagger
  4802 | D:5      | Reached skill level 3 in Invocations
  5020 | D:5      | Learned a level 3 spell: Confuse
  5148 | D:5      | Found a stormy altar of Qazlal.
  5150 | D:5      | Reached XP level 8. HP: 69/69 MP: 16/16
  5445 | D:5      | Reached * piety under Makhleb
  5588 | D:6      | Found a shattered altar of Ashenzari.
  5974 | D:6      | Noticed Duvessa
  5975 | D:6      | Noticed Dowan
  5978 | D:6      | Killed Duvessa
  5980 | D:6      | Killed Dowan
  6403 | D:6      | Reached skill level 4 in Invocations
  6517 | D:6      | Reached XP level 9. HP: 75/75 MP: 2/18
  7056 | D:6      | Reached ** piety under Makhleb
  7238 | D:7      | Reached skill level 5 in Armour
  7348 | D:7      | Found an opulent altar of Gozag.
  7421 | D:7      | Found a sparkling altar of Nemelex Xobeh.
  7709 | D:7      | Reached *** piety under Makhleb
  7992 | D:8      | Reached skill level 5 in Invocations
  8088 | D:8      | Found a blossoming altar of Fedhas.
  8160 | D:8      | Found a bloodstained altar of Trog.
  8206 | D:8      | Found a staircase to the Lair.
  8222 | D:8      | Reached XP level 10. HP: 50/84 MP: 15/20
  8275 | D:8      | Reached skill level 5 in Short Blades
  8275 | D:8      | Reached skill level 5 in Long Blades
  8275 | D:8      | Reached skill level 5 in Axes
  8275 | D:8      | Reached skill level 5 in Maces & Flails
  8275 | D:8      | Reached skill level 5 in Staves
  8275 | D:8      | Reached skill level 5 in Slings
  8275 | D:8      | Reached skill level 5 in Bows
  8275 | D:8      | Reached skill level 5 in Crossbows
  8275 | D:8      | Reached skill level 5 in Throwing
  8275 | D:8      | Reached skill level 5 in Stealth
  8275 | D:8      | Reached skill level 5 in Shields
  8275 | D:8      | Reached skill level 5 in Unarmed Combat
  8275 | D:8      | Reached skill level 5 in Evocations
  8992 | D:9      | Found a shimmering altar of Xom.
  9049 | D:9      | Noticed Erica
  9061 | D:9      | Killed Erica
  9061 | D:9      | Reached skill level 6 in Invocations
  9143 | D:9      | Noticed a two-headed ogre
  9230 | D:9      | Killed a two-headed ogre
  9292 | D:9      | Reached **** piety under Makhleb
  9319 | D:9      | Learned a level 1 spell: Apportation
  9324 | D:9      | Reached XP level 11. HP: 92/92 MP: 18/22
  9598 | D:9      | Got a jewelled helmet
  9603 | D:9      | Found Zin's Purification Station.
  9605 | D:9      | Found a glowing silver altar of Zin.
  9608 | D:9      | Bought a potion of curing for 90 gold pieces
  9662 | D:9      | Found a shimmering altar of Xom.
 10140 | D:9      | Identified a scroll of acquirement
 10142 | D:9      | Got a wavering bone ring
 10143 | D:9      | Identified the ring of Wu Jian's Castigation {Wiz +Fly rPois Dex-5} (You acquired it on level 9 of the Dungeon)
 10183 | D:10     | Entered Level 10 of the Dungeon
 10239 | D:10     | Reached skill level 5 in Conjurations
 10239 | D:10     | Reached skill level 5 in Hexes
 10239 | D:10     | Reached skill level 5 in Summonings
 10239 | D:10     | Reached skill level 5 in Necromancy
 10239 | D:10     | Reached skill level 5 in Translocations
 10239 | D:10     | Reached skill level 5 in Transmutations
 10239 | D:10     | Reached skill level 5 in Fire Magic
 10239 | D:10     | Reached skill level 5 in Ice Magic
 10239 | D:10     | Reached skill level 5 in Air Magic
 10239 | D:10     | Reached skill level 5 in Earth Magic
 10239 | D:10     | Reached skill level 5 in Poison Magic
 10497 | D:10     | Noticed Erolcha
 10501 | D:10     | Identified the cursed +0 helmet of Recklessness {-Tele rPois rC+ MR+} (You found it on level 9 of the Dungeon)
 10512 | D:10     | Killed Erolcha
 10813 | D:10     | Noticed markt42's ghost (novice GrFi)
 10878 | D:10     | Killed markt42's ghost
 10878 | D:10     | Reached skill level 7 in Invocations
 11302 | D:11     | Got an encrusted rapier
 11303 | D:11     | Identified the +8 rapier of Irein {pierce, rC+} (You found it on level 11 of the Dungeon)
 11374 | D:11     | Reached ***** piety under Makhleb
 11446 | D:11     | Noticed a five-headed hydra
 11697 | D:12     | Noticed a five-headed hydra
 11909 | D:12     | Noticed a deep elf mage
 11911 | D:12     | Noticed a blizzard demon
 12103 | D:12     | Reached XP level 12. HP: 79/102 MP: 22/24
 12115 | D:12     | Killed a five-headed hydra
 12618 | Lair:1   | Entered Level 1 of the Lair of Beasts
 12827 | Lair:1   | Noticed Gastronok
 12853 | Lair:1   | Killed Gastronok
 12853 | Lair:1   | Reached skill level 8 in Invocations
 13277 | Lair:1   | Noticed a six-headed hydra
 13278 | Lair:1   | Noticed a balrug
 13682 | Lair:1   | Killed a six-headed hydra
 14090 | Lair:2   | Noticed markt42's ghost (journeyman GrFi)
 14091 | Lair:2   | Noticed an eight-headed hydra
 14147 | Lair:2   | Noticed a five-headed hydra
 14151 | Lair:2   | Killed a five-headed hydra
 14159 | Lair:2   | Reached XP level 13. HP: 111/111 MP: 26/26
 14475 | Lair:2   | Killed markt42's ghost
 15372 | Lair:3   | Learned a level 3 spell: Dazzling Spray
 16004 | Lair:4   | Reached skill level 9 in Invocations
 16023 | Lair:4   | Found a staircase to the Snake Pit.
 16026 | Lair:4   | Noticed Snorg
 16040 | Lair:4   | Killed Snorg
 16052 | Lair:4   | Found a staircase to the Swamp.
 16928 | Lair:5   | Got a heavily runed ring mail
 16939 | Lair:5   | Identified the +3 ring mail "Daev" {+Inv Int+4} (You found it on level 5 of the Lair of Beasts)
 17113 | Lair:5   | Reached skill level 10 in Spellcasting
 17136 | Lair:5   | Found a staircase to the Slime Pits.
 17136 | Lair:5   | Found a viscous altar of Jiyva.
 17154 | Lair:5   | Learned a level 4 spell: Summon Lightning Spire
 17341 | Lair:5   | Reached XP level 14. HP: 119/119 MP: 21/28
 17541 | Lair:6   | Entered Level 6 of the Lair of Beasts
 17716 | Lair:6   | Reached skill level 10 in Fighting
 17716 | Lair:6   | Reached skill level 10 in Polearms
 17716 | Lair:6   | Reached skill level 10 in Dodging
 18262 | Lair:6   | Reached ****** piety under Makhleb
 18398 | Lair:6   | Reached skill level 10 in Invocations
 19268 | D:11     | Found Wampiz's Armour Boutique.
 19321 | D:11     | Found a staircase to the Orcish Mines.
 19400 | D:11     | You fall through a shaft!
 19466 | D:12     | Noticed inc's ghost (journeyman OpFi)
 19475 | D:12     | Killed inc's ghost
 19820 | D:13     | Reached XP level 15. HP: 128/128 MP: 26/29
 20005 | D:13     | Reached skill level 10 in Armour
 20111 | D:13     | Found a gate to the Vaults.
 20837 | D:14     | Got a translucent longbow {venom}
 21356 | D:14     | Reached skill level 10 in Charms
 21542 | D:14     | Noticed Sonja
 21551 | D:14     | Killed Sonja
 21974 | D:15     | Entered Level 15 of the Dungeon
 22056 | D:15     | Reached skill level 10 in Short Blades
 22056 | D:15     | Reached skill level 10 in Long Blades
 22056 | D:15     | Reached skill level 10 in Axes
 22056 | D:15     | Reached skill level 10 in Maces & Flails
 22056 | D:15     | Reached skill level 10 in Staves
 22056 | D:15     | Reached skill level 10 in Slings
 22056 | D:15     | Reached skill level 10 in Bows
 22056 | D:15     | Reached skill level 10 in Crossbows
 22056 | D:15     | Reached skill level 10 in Throwing
 22056 | D:15     | Reached skill level 10 in Stealth
 22056 | D:15     | Reached skill level 10 in Shields
 22056 | D:15     | Reached skill level 10 in Unarmed Combat
 22056 | D:15     | Reached skill level 10 in Evocations
 22579 | D:15     | Reached skill level 11 in Invocations
 22588 | D:15     | Found a staircase to the Depths.
 22967 | Orc:1    | Entered Level 1 of the Orcish Mines
 22967 | Orc:1    | Noticed Fannar
 22975 | Orc:1    | Killed Fannar
 23016 | Orc:1    | Reached XP level 16. HP: 129/137 MP: 28/31
 23362 | Orc:2    | Entered Level 2 of the Orcish Mines
 23444 | Orc:2    | Noticed Saint Roka
 23462 | Orc:2    | Killed Saint Roka
 23694 | Orc:2    | Noticed Azrael
 23715 | Orc:2    | Killed Azrael
 23734 | Orc:2    | Found a roughly hewn altar of Beogh.
 23754 | Orc:2    | Found a staircase to the Elven Halls.
 23783 | Orc:2    | Found a roughly hewn altar of Beogh.
 23951 | Orc:2    | Found Facuif's Armour Shop.
 24466 | Orc:2    | Paralysed by an orc sorcerer for 6 turns
 24520 | Orc:2    | Found Umoah's Armour Shoppe.
 24552 | Orc:2    | Found Joynet's General Store.
 24554 | Orc:2    | Found Yfrecewy's Distillery.
 24560 | Orc:2    | Bought a potion of mutation for 120 gold pieces
 24560 | Orc:2    | Bought a potion of curing for 45 gold pieces
 24560 | Orc:2    | Bought a scroll of teleportation for 45 gold pieces
 24560 | Orc:2    | Lost mutation: You are robust. (+10% HP) [potion of mutation]
 24560 | Orc:2    | Lost mutation: Your muscles are strong. (Str +2) [potion of mutation]
 24560 | Orc:2    | Gained mutation: Your muscles are strong. (Str +2) [potion of mutation]
 24560 | Orc:2    | Gained mutation: You are resistant to electric shocks. (rElec) [potion of mutation]
 24563 | Orc:2    | Bought 2 potions of heal wounds for 150 gold pieces
 24563 | Orc:2    | Bought a potion of resistance for 150 gold pieces
 24892 | Snake:1  | Entered Level 1 of the Snake Pit
 25333 | Snake:1  | Noticed microfolk's ghost (journeyman DEFE)
 25552 | Swamp:1  | Entered Level 1 of the Swamp
 26318 | Swamp:1  | Learned a level 5 spell: Summon Forest
 27080 | Swamp:2  | Noticed a thorn hunter
 27098 | Swamp:2  | Killed a thorn hunter
 28244 | Swamp:4  | Entered Level 4 of the Swamp
 28264 | Swamp:4  | Reached XP level 17. HP: 133/133 MP: 30/33
 28476 | Swamp:4  | Reached skill level 12 in Invocations
 28523 | Swamp:4  | Learned a level 5 spell: Summon Mana Viper
 29034 | Swamp:3  | Got a slimy buckler
 29035 | Swamp:3  | Identified the +10 longbow "Zoecw" {venom, Fragile rN+ Int+4 Dex+3} (You took it off an orc on level 14 of the Dungeon)
 29036 | Swamp:3  | Identified the cursed +0 buckler of Leaves {MR+} (You found it on level 3 of the Swamp)
 29588 | Swamp:4  | Got a decaying rune of Zot
 30041 | Snake:1  | Killed microfolk's ghost
 30390 | Snake:1  | Learned a level 6 spell: Deflect Missiles
 30575 | Snake:1  | Found an ancient bone altar of Kikubaaqudgha.
 30717 | Snake:1  | Noticed Aizul
 30725 | Snake:1  | Killed Aizul
 31022 | Snake:2  | Noticed Asterion
 31046 | Snake:2  | Gained mutation: Your magical capacity is low. (-10% MP) [a cacodemon]
 31278 | Snake:2  | Found a transporter.
 31282 | Snake:2  | Found a radiant altar of Vehumet.
 31991 | Snake:2  | Killed Asterion
 32134 | Snake:3  | Reached skill level 10 in Conjurations
 32134 | Snake:3  | Reached skill level 10 in Hexes
 32134 | Snake:3  | Reached skill level 10 in Summonings
 32134 | Snake:3  | Reached skill level 10 in Necromancy
 32134 | Snake:3  | Reached skill level 10 in Translocations
 32134 | Snake:3  | Reached skill level 10 in Transmutations
 32134 | Snake:3  | Reached skill level 10 in Fire Magic
 32134 | Snake:3  | Reached skill level 10 in Ice Magic
 32134 | Snake:3  | Reached skill level 10 in Air Magic
 32134 | Snake:3  | Reached skill level 10 in Earth Magic
 32134 | Snake:3  | Reached skill level 10 in Poison Magic
 32758 | Snake:3  | Reached XP level 18. HP: 141/141 MP: 31/31
 32871 | Snake:3  | Found Gabac's Antique Weapon Shoppe.
 32872 | Snake:3  | Found Foagret's Assorted Antiques.
 32872 | Snake:3  | Found Norgh's Weapon Emporium.
 32876 | Snake:3  | Found Coquc's General Store.
 32881 | Snake:3  | Bought a wavering diamond amulet for 135 gold pieces
 32923 | Snake:3  | Identified the amulet of the Illusory People {RegenMP rC+ MR+} (You bought it in a shop on level 3 of the Snake Pit)
 33444 | Snake:4  | Entered Level 4 of the Snake Pit
 34345 | Snake:4  | Learned a level 6 spell: Statue Form
 34459 | Snake:4  | Noticed Squonk's ghost (adept OgFE)
 34472 | Snake:4  | Killed Squonk's ghost
 34862 | Snake:4  | Found Lyraz's Jewellery Shoppe.
 34971 | Snake:4  | Reached skill level 13 in Invocations
 35107 | Snake:4  | HP: 6/142 [nagaraja/spear (19)]
 35108 | Snake:4  | Slain by a guardian serpent

Skill      XL: |  1  2  3  4  5  6  7  8  9 10 11 12 13 14 15 16 17 18 |
---------------+-------------------------------------------------------+-----
Spellcasting   | 5 6 7 8 9 10 11 12 | 12.9
Invocations    | 1 2 3 4 5 6 7 8 9 10 11 12 13 | 13.0
Short Blades   | 1 2 3 4 5 6 7 8 9 10 11 12 | 12.1
Long Blades    | 1 2 3 4 5 6 7 8 9 10 11 12 | 12.1
Axes           | 1 2 3 4 5 6 7 8 9 10 11 12 | 12.1
Maces & Flails | 1 2 3 4 5 6 7 8 9 10 11 12 | 12.1
Staves         | 1 2 3 4 5 6 7 8 9 10 11 12 | 12.1
Slings         | 1 2 3 4 5 6 7 8 9 10 11 12 | 12.1
Bows           | 1 2 3 4 5 6 7 8 9 10 11 12 | 12.1
Crossbows      | 1 2 3 4 5 6 7 8 9 10 11 12 | 12.1
Throwing       | 1 2 3 4 5 6 7 8 9 10 11 12 | 12.1
Stealth        | 1 2 3 4 5 6 7 8 9 10 11 12 | 12.1
Shields        | 1 2 3 4 5 6 7 8 9 10 11 12 | 12.1
Unarmed Combat | 1 2 3 4 5 6 7 8 9 10 11 12 | 12.1
Evocations     | 1 2 3 4 5 6 7 8 9 10 11 12 | 12.1
Armour         | 3 4 5 6 7 8 9 10 11 12 | 12.3
Conjurations   | 1 2 3 4 5 6 7 8 9 10 | 10.3
Hexes          | 1 2 3 4 5 6 7 8 9 10 | 10.3
Summonings     | 1 2 3 4 5 6 7 8 9 10 | 10.3
Necromancy     | 1 2 3 4 5 6 7 8 9 10 | 10.3
Translocations | 1 2 3 4 5 6 7 8 9 10 | 10.3
Transmutations | 1 2 3 4 5 6 7 8 9 10 | 10.3
Fire Magic     | 1 2 3 4 5 6 7 8 9 10 | 10.3
Ice Magic      | 1 2 3 4 5 6 7 8 9 10 | 10.3
Air Magic      | 1 2 3 4 5 6 7 8 9 10 | 10.3
Earth Magic    | 1 2 3 4 5 6 7 8 9 10 | 10.3
Poison Magic   | 1 2 3 4 5 6 7 8 9 10 | 10.3
Fighting       | 5 6 7 8 9 10 11 12 | 12.8
Polearms       | 5 6 7 8 9 10 11 12 | 12.8
Dodging        | 5 6 7 8 9 10 11 12 | 12.8
Charms         | 6 7 8 9 10 11 | 11.6

Action                   |  1- 3 |  4- 6 |  7- 9 | 10-12 | 13-15 | 16-18 || total
-------------------------+-------+-------+-------+-------+-------+-------++-------
Melee: Spear             |   105 |       |       |       |       |       ||   105
       Bite              |     6 |    24 |    43 |   100 |   160 |   129 ||   462
       War axe           |    43 |   110 |    10 |       |       |       ||   163
       Whip              |       |    11 |   153 |       |       |       ||   164
       Punch             |       |     1 |     2 |       |       |       ||     3
       Bardiche          |       |       |    54 |       |       |       ||    54
       Unarmed           |       |       |     3 |       |       |       ||     3
       Trident           |       |       |   186 |   707 |   556 |   830 ||  2279
       Rapier            |       |       |       |    53 |   632 |   408 ||  1093
       Demon whip        |       |       |       |       |       |    65 ||    65
 Fire: Blowgun           |       |       |       |       |       |     4 ||     4
Throw: Javelin           |       |       |       |    17 |       |     9 ||    26
       Throwing net      |       |       |       |       |     2 |       ||     2
 Cast: Shroud of Golubri |       |     3 |     8 |    13 |    15 |     5 ||    44
       Spectral Weapon   |       |     2 |    17 |    49 |   101 |   104 ||   273
       Confuse           |       |       |     7 |    14 |     8 |     1 ||    30
       Regeneration      |       |       |     1 |     3 |    10 |     5 ||    19
       Infusion          |       |       |       |     1 |       |       ||     1
       Song of Slaying   |       |       |       |     1 |     6 |       ||     7
       Summon Lightning  |       |       |       |       |    11 |     7 ||    18
       Summon Forest     |       |       |       |       |       |    45 ||    45
       Summon Mana Viper |       |       |       |       |       |    46 ||    46
       Apportation       |       |       |       |       |       |     3 ||     3
       Statue Form       |       |       |       |       |       |     1 ||     1
Invok: Major Destruction |       |       |       |    12 |     4 |     1 ||    17
       Greater Servant o |       |       |       |     3 |     1 |    11 ||    15
       Lesser Servant of |       |       |       |     6 |     2 |       ||     8
       Minor Destruction |       |       |       |     1 |       |       ||     1
Evoke: Wand              |       |       |     7 |    11 |     6 |     1 ||    25
  Use: Potion            |     4 |       |     4 |     3 |     3 |    17 ||    31
       Scroll            |       |     2 |    12 |    13 |    11 |    25 ||    63
 Stab: Sleeping          |     2 |     4 |     3 |    16 |    24 |    10 ||    59
       Confused          |       |       |     2 |     6 |       |       ||     8
       Distracted        |       |       |     1 |     7 |    16 |    17 ||    41
       Held in net/web   |       |       |       |       |     2 |       ||     2
       Paralysed         |       |       |       |       |     5 |       ||     5
       Petrified         |       |       |       |       |     3 |       ||     3
  Eat: Ration            |     1 |     2 |     4 |     7 |     5 |    18 ||    37
       Chunk             |       |     2 |     1 |     7 |    10 |     1 ||    21
Armor: Leather armour    |    17 |     7 |    17 |       |       |       ||    41
       Ring mail         |       |       |    75 |   201 |   268 |   290 ||   834
       Skin              |       |       |    13 |    29 |       |     1 ||    43
Dodge: Dodged            |    74 |    42 |   217 |   402 |   613 |   784 ||  2132
Block: Buckler           |       |       |    39 |   267 |   408 |   632 ||  1346
